Map: Ever Dream LE

Players

Massa

  • Race: Terran Terran
  • League: Platinum
  • Spawn Location: 1:00

Metov - Winner!

  • Race: Protoss Protoss
  • League: Platinum
  • Spawn Location: 7:00

VOD

Have the link to the VOD?

Description

Time

  • Played on: Sept. 2, 2020, 2:53 p.m.
  • Length: 14:55
Show
View Real Time Build Order
Export as new Build Order

Massa Terran 

Build Orders: Gas First Reaper Expand 

Get SALT Encoding   

  12  0:01  SCV  
  13  0:13  SCV  
  14  0:19  Supply Depot  
  14  0:25  Refinery  
  14  0:27  SCV  
  15  0:44  SCV, Barracks  
  16  1:05  SCV  
  17  1:12  Refinery  
  17  1:17  SCV  
  18  1:29  SCV  
  18  1:31  Reaper  
  20  1:49  Command Center  
  20  1:54  SCV  
  21  2:03  Reaper  
  21  2:08  SCV  
  23  2:18  Factory  
  23  2:32  Supply Depot  
  23  2:41  Orbital Command  
  23  2:53  Reaper  
  24  3:02  Orbital Command  
  24  3:04  Supply Depot  
  23  3:19  Hellion  
  25  3:25  Reaper  
  25  3:26  SCV  
  27  3:29  SCV  
  28  3:38  SCV  
  28  3:41  SCV, Hellion, Supply Depot  
  32  4:00  Barracks  
  32  4:02  Factory Tech Lab  
  32  4:03  Barracks Tech Lab  
  32  4:09  SCV x2  
  34  4:18  Engineering Bay  
  34  4:21  SCV x2  
  36  4:30  Siege Tank  
  39  4:32  Marauder  
  39  4:33  SCV x2, Stimpack  
  36  4:53  Barracks Reactor, Marauder  
  38  5:01  Starport  
  38  5:02  Terran Infantry Weapons Level 1  
  38  5:04  Engineering Bay  
  38  5:11  Refinery, SCV  
  38  5:12  SCV  
  40  5:15  Marauder  
  42  5:24  SCV x2  
  44  5:29  Missile Turret  
  44  5:32  Missile Turret  
  44  5:34  Terran Infantry Armor Level 1  
  44  5:36  SCV x2  
  44  5:38  Armory  
  44  5:40  Starport Tech Lab  
  46  5:43  Siege Tank  
  46  5:45  Marauder, Marine  
  46  5:46  Marine  
  53  5:54  Supply Depot  
  53  5:59  Supply Depot  
  53  6:00  Supply Depot  
  53  6:03  Raven  
  55  6:06  Marauder  
  56  6:19  Supply Depot  
  56  6:34  Concussive Shells  
  56  6:46  Banshee  
  59  6:57  Command Center  
  59  7:00  Terran Infantry Weapons Level 2  
  58  7:03  SCV x2  
  58  7:08  Terran Vehicle Weapons Level 1  
  60  7:15  SCV x2  
  62  7:16  Refinery  
  62  7:24  Barracks  
  62  7:26  Marauder  
  62  7:27  SCV x2, Marine x2  
  62  7:29  Medivac  
  70  7:39  SCV x2  
  70  7:41  Terran Infantry Armor Level 2  
  72  7:45  Marine  
  72  7:47  Marauder  
  75  7:51  SCV  
  75  7:55  Marine  
  77  8:02  Medivac  
  77  8:03  Marine  
  80  8:09  Marauder  
  82  8:13  Marine  
  83  8:21  Marine  
  83  8:23  Combat Shield  
  83  8:26  Barracks Tech Lab  
  84  8:30  Marauder  
  84  8:31  Marine  
  87  8:36  Orbital Command  
  87  8:38  Marine  
  87  8:39  SCV  
  87  8:40  SCV  
  90  8:47  Command Center  
  90  8:49  Marine  
  90  8:51  SCV  
  90  8:52  SCV, Marauder, Missile Turret  
  89  9:02  Marauder  
  87  9:13  Marauder  
  89  9:23  Marauder  
  81  9:34  Marauder  
  81  9:35  Orbital Command, Cloaking Field  
  81  9:36  Missile Turret  
  81  9:38  Missile Turret  
  83  9:39  Banshee  
  83  9:45  Marauder  
  88  9:56  Marauder  
  88  9:57  Missile Turret  
  90  10:00  SCV x2  
  90  10:01  SCV  
  90  10:06  Marauder  
  95  10:11  Siege Tank  
  95  10:12  SCV  
  99  10:17  Marauder  
  100  10:32  Supply Depot x2  
  100  10:33  Supply Depot x2  
  100  10:34  Supply Depot  
  100  10:36  Supply Depot x2  
  100  10:40  Refinery, Missile Turret  
  100  10:43  SCV  
  101  10:53  SCV x2, Terran Infantry Armor Level 3, Viking, Siege Tank  
  101  10:54  Marauder  
  101  10:55  SCV  
  111  11:01  Missile Turret  
  106  11:23  Viking  
  103  11:34  SCV x2  
  103  11:35  SCV  
  103  11:39  Siege Tank  
  108  11:45  Missile Turret  
  108  11:46  SCV  
  108  11:47  SCV x2  
  107  11:51  Missile Turret  
  107  11:53  Missile Turret, Medivac  
  108  11:58  SCV  
  108  11:59  SCV x2  
  111  12:10  Command Center  
  111  12:11  SCV x3, Siege Tank  
  117  12:23  SCV  
  117  12:26  Missile Turret  
  118  12:31  Medivac  
  120  12:41  Marauder x2  
  120  12:42  Marine x2  
  126  12:56  Barracks  
  126  12:57  Orbital Command  
  126  12:59  Marine  
  126  13:00  Marine, Medivac  
  126  13:02  Marauder x2  
  134  13:17  Marine  
  134  13:18  Marine  
  136  13:22  SCV x4  
  136  13:23  Marauder  
  136  13:24  Marauder  
  144  13:34  SCV x4  
  145  13:35  Marine x2  
  140  13:45  Barracks, Marauder x2  
  140  13:46  SCV  
  139  13:55  Thor  
  125  14:06  Marauder x2  
  102  14:22  Viking  
  99  14:45  Factory  
  105  14:46  Factory  
  105  14:47  Refinery  
  105  14:49  Refinery  
Show
View Real Time Build Order
Export as new Build Order

Metov Protoss - Winner!

Build Orders: Carriers 

Get SALT Encoding   

  12  0:00  Probe  
  13  0:13  Pylon  
  13  0:17  Probe  
  14  0:32  Gateway  
  14  0:35  Probe (Chrono Boost)  
  15  0:45  Probe (Chrono Boost), Assimilator  
  16  0:50  Probe (Chrono Boost)  
  17  1:22  Probe (Chrono Boost)  
  18  1:28  Cybernetics Core  
  18  1:30  Pylon  
  19  1:34  Probe (Chrono Boost)  
  19  1:39  Probe (Chrono Boost)  
  20  1:48  Probe  
  21  2:01  Probe, Nexus  
  22  2:04  Adept  
  24  2:11  Assimilator  
  24  2:13  Probe, Warp Gate  
  25  2:20  Pylon  
  25  2:25  Probe  
  26  2:34  Stalker (Chrono Boost)  
  28  2:38  Probe  
  29  2:50  Probe  
  30  2:55  Pylon  
  30  2:56  Stalker (Chrono Boost)  
  32  3:02  Probe  
  33  3:14  Probe  
  32  3:24  Stalker  
  32  3:25  Twilight Council  
  34  3:27  Gateway  
  34  3:30  Gateway  
  34  3:35  Probe  
  34  3:37  Probe  
  36  3:47  Pylon  
  36  3:48  Probe  
  37  3:49  Probe  
  38  4:00  Probe  
  39  4:06  Probe, Dark Shrine  
  39  4:09  Assimilator  
  40  4:10  Stalker  
  40  4:12  Probe  
  43  4:18  Probe, Forge  
  42  4:31  Stalker x2  
  44  4:35  Shield Battery  
  44  4:37  Shield Battery  
  46  4:50  Stalker  
  46  4:51  Probe x2  
  50  4:53  Blink  
  50  4:59  Photon Cannon  
  50  5:01  Photon Cannon  
  50  5:03  Probe x2  
  50  5:06  Sentry  
  54  5:14  Pylon  
  54  5:15  Probe x2  
  54  5:18  Assimilator  
  56  5:24  Dark Templar  
  58  5:37  Probe x2  
  58  5:41  Protoss Shields Level 1 (Chrono Boost)  
  60  5:44  Photon Cannon  
  60  5:46  Photon Cannon, Shield Battery  
  60  5:51  Shield Battery  
  60  5:57  Dark Templar  
  58  6:47  Stargate  
  58  6:48  Stargate  
  58  6:49  Probe x2  
  58  6:51  Stargate  
  58  6:53  Pylon  
  60  7:01  Probe  
  59  7:05  Zealot x3  
  59  7:07  Robotics Facility, Protoss Air Weapons Level 1  
  65  7:09  Nexus  
  65  7:10  Pylon  
  65  7:12  Probe  
  65  7:13  Probe, Pylon  
  67  7:30  Zealot x2  
  67  7:31  Zealot  
  67  7:36  Oracle x2  
  79  7:37  Phoenix  
  81  7:44  Probe x2  
  81  7:46  Assimilator  
  81  7:50  Assimilator  
  83  7:54  Photon Cannon  
  83  7:56  Probe x2, Photon Cannon  
  83  7:57  Photon Cannon  
  83  7:58  Shield Battery  
  85  7:59  Observer, Shield Battery  
  85  8:04  Protoss Shields Level 2 (Chrono Boost)  
  86  8:20  Observer, Photon Cannon  
  86  8:24  Probe x3  
  90  8:35  Zealot x3  
  90  8:36  Probe x2  
  90  8:37  Probe  
  90  8:38  Charge  
  90  8:41  Warp Prism  
  93  9:10  Stalker x2  
  93  9:11  Stalker  
  93  9:13  Oracle x2  
  93  9:14  Oracle  
  93  9:15  Probe  
  109  9:22  Probe x2  
  109  9:36  Pylon  
  109  9:39  Pylon  
  109  9:42  Pylon  
  109  9:55  Probe x3  
  109  9:57  Pylon  
  110  10:00  Pylon, Fleet Beacon  
  110  10:03  Pylon  
  110  10:07  Probe  
  107  10:45  Stalker x2  
  107  10:46  Stalker  
  113  10:52  Protoss Shields Level 3 (Chrono Boost)  
  113  10:54  Probe x3  
  116  10:58  Carrier x3, Nexus  
  116  11:01  Pylon  
  116  11:02  Pylon  
  134  11:04  Pylon  
  125  11:53  Stalker x3  
  128  11:54  Probe x2  
  128  11:55  Probe  
  131  12:01  Photon Cannon  
  131  12:02  Photon Cannon  
  131  12:04  Photon Cannon  
  131  12:06  Probe, Photon Cannon  
  131  12:07  Probe  
  133  12:08  Photon Cannon  
  133  12:12  Shield Battery  
  133  12:15  Shield Battery  
  133  12:18  Shield Battery, Cybernetics Core  
  133  12:20  Shield Battery, Stargate  
  133  12:23  Pylon  
  133  12:26  Carrier, Pylon  
  133  12:27  Carrier x2  
  133  12:29  Protoss Air Weapons Level 2 (Chrono Boost)  
  151  12:44  Dark Templar x3  
  153  12:51  Probe x3  
  159  12:53  Unknown  
  160  13:03  Probe  
  169  13:07  Protoss Air Armor Level 1 (Chrono Boost)  
  160  13:21  Zealot  
  160  13:22  Zealot x2  
  166  13:28  Gateway  
  166  13:30  Gateway  
  165  13:36  Gateway  
  107  13:58  Stalker x3  
  110  14:07  Pylon  
  106  14:16  Probe x2  
  106  14:21  Unknown  
  112  14:28  Probe  
  112  14:29  Probe  
  132  14:39  Photon Cannon  
  132  14:40  Photon Cannon  
  132  14:41  Probe x2  
  132  14:42  Photon Cannon  
  132  14:44  Pylon  
  132  14:45  Pylon  
  132  14:46  Shield Battery  
Tags
 
Add a new tag
Caveats
  • Supply blocks, unpowered buildings, or Contaminate may cause inaccurate times.
  • Supply counts are checked every 10 seconds.